 Dungeon Crawl Stone Soup version 0.21.1-1-g345015fe64 (webtiles) character file.

22128 Ivernyr the Thrower (level 12, -3/61 HPs)
             Began as a Vine Stalker Monk on June 10, 2018.
             Was a Believer of Ru.
             Slain by Rupert
             ... wielding a +1 great sword of holy wrath
              (19 damage)
             ... on level 2 of the Lair of Beasts.
             The game lasted 01:17:46 (13824 turns).

Ivernyr the Thrower (Vine Stalker Monk)            Turns: 13824, Time: 01:17:46

Health: -3/61      AC:  9    Str: 14    XL:     12   Next: 97%
Magic:  0/22       EV: 11    Int: 10    God:    Ru [**....]
Gold:   753        SH: 11    Dex: 22    Spells: 11/11 levels left

rFire    . . .     SeeInvis .   a - +2 falchion (freeze)
rCold    . . .     Gourm    .   A - +0 shield
rNeg     . . .     Faith    .   b - +3 troll leather armour
rPois    .         Spirit   +   (no helmet)
rElec    .         Reflect  .   (no cloak)
rCorr    .         Harm     .   (no gloves)
MR       ++...                  y - +0 pair of boots
Stlth    ++........             (no amulet)
HPRegen  1.40/turn              f - ring of protection from magic
MPRegen  0.18/turn              t - ring of magical power

@: no status effects
A: fangs 3, regeneration 2, magic shield, antimagic bite, no potion heal 3, rot
immunity, inability to use devices
a: Renounce Religion


You were on level 2 of the Lair of Beasts.
You worshipped Ru.
Ru was pleased with you.
You were hungry.

You visited 3 branches of the dungeon, and saw 14 of its levels.

You collected 753 gold pieces.

Inventory:

Hand Weapons
 a - a +2 falchion of freezing (weapon)
 w - a +0 blowgun
Missiles
 l - 29 poisoned needles
Armour
 b - a +3 troll leather armour (worn)
 y - a +0 pair of boots (worn)
 A - a +0 shield (worn)
Jewellery
 f - a ring of protection from magic (left hand)
 t - a ring of magical power (right hand)
Scrolls
 e - 7 scrolls of remove curse
 g - 3 scrolls of teleportation
 i - a scroll of fear {unknown}
 k - a scroll of enchant weapon {unknown}
 p - 2 scrolls of amnesia
 u - a scroll of immolation {unknown}
 v - 2 scrolls of fog {unknown}
 x - 2 scrolls of magic mapping
 D - 2 scrolls of blinking {unknown}
 E - a scroll of noise {unknown}
 F - a scroll of vulnerability {unknown}
Potions
 d - 3 potions of might
 h - 2 potions of lignification {unknown}
 j - 2 potions of curing
 m - 2 potions of degeneration {unknown}
 n - 2 potions of heal wounds {unknown}
 o - a potion of agility {unknown}
 q - 2 potions of brilliance {unknown}
 s - 4 potions of flight {unknown}
 z - 4 potions of mutation {unknown}
 C - 2 potions of magic {unknown}
Comestibles
 c - 18 rations
 B - 5 chunks of flesh


   Skills:
 - Level 6.0 Fighting
 + Level 9.3 Long Blades
 * Level 12.2 Throwing
 + Level 8.0 Armour
 - Level 2.4 Dodging
 - Level 2.4 Stealth
 + Level 6.8 Shields


You had 11 spell levels left.
You didn't know any spells.

Dungeon Overview and Level Annotations

Branches:
Dungeon (10/15)            Temple (1/1) D:7            Lair (3/6) D:9
 Spider (0/4) Lair:2
  Swamp: Lair:2-4    Shoals: Lair:2-4       Orc: D:9-12

Altars:
Ashenzari
Cheibriados
Dithmenos
Elyvilon
Fedhas
Gozag
Hepliaklqana
Kikubaaqudgha
Makhleb
Nemelex Xobeh
Okawaru
Qazlal
Ru
Sif Muna
Trog
Uskayaw
Vehumet
Wu Jian
Xom
Yredelemnul
Zin
The Shining One

Annotations:
Lair:2 Rupert


Innate Abilities, Weirdness & Mutations

You have razor-sharp teeth.
You heal very quickly.
When hurt, damage is shared between your health and your magic reserves.
Your bite disrupts and absorbs the magic of your enemies.
Potions cannot restore your health.
You are immune to rotting.
You cannot study or use magical devices.


Message History

Okay, then.
Firing (i - inventory): No suitable missiles.
Press: ? - help, Shift-Dir - straight line, f/p - Rupert
Aim: Rupert, wielding a great sword of holy wrath and wearing a scale mail (severely wounded, berserk, fast, unusually strong, poisoned)
Okay, then.
Rupert hits you with a great sword of holy wrath!
You hit Rupert but do no damage. You bite Rupert, but do no damage.
Rupert is severely wounded.
Rupert hits you with a great sword of holy wrath!!
* * * LOW HITPOINT WARNING * * *
You hit Rupert but do no damage.
Rupert is severely wounded.
Rupert looks more healthy.
You block Rupert's attack. Rupert closely misses you.
You riposte.
You closely miss Rupert. You bite Rupert.
Rupert's magic leaks into the air.
You drain his magic.
You feel invigorated.
Rupert is heavily wounded.
There is a stone staircase leading up, spattered with blood here.
Rupert hits you with a great sword of holy wrath!!
You die...

.........##:...####
..........#.>..#### ###
....#.............###.#
##..###..........##...#
...#.##..........#....##
#......................#
..>....................####
#...##....................#
...#..#........@@.........##
##.#.#.........<....###....#
#...##.............## ##..##
..............##...# ####
((.......##....#####
#......P######## .......##
.......# .....P.##


You could see Rupert (berserk).

Vanquished Creatures
  A hydra (Lair:3)
  Harold (Lair:2)
  3 two-headed ogres (D:9)
  Nergalle (Lair:2)
  5 elephants (Lair:2)
  A gargoyle (D:9)
  6 spiny frogs
  A kobold demonologist (D:8)
  A komodo dragon (Lair:1)
  3 rime drakes
  A troll (D:9)
  A hornet (Lair:2)
  A polar bear (Lair:3)
  3 blink frogs
  6 hippogriffs
  A wyvern (Lair:1)
  15 yaks (Lair:1)
  A spriggan (D:7)
  2 basilisks
  2 steam dragons (Lair:2)
  2 hell hounds
  7 water moccasins
  2 orc warriors (D:9)
  3 sky beasts
  5 porcupines
  6 ogres
  4 ice beasts
  A phantom (D:4)
  6 wolves
  3 centaurs
  4 crocodiles
  11 big kobolds
  2 gnoll sergeants
  12 bullfrogs
  A wyvern zombie (D:9)
  4 scorpions
  4 killer bees (D:9)
  4 wights (D:7)
  A howler monkey (D:7)
  2 bullfrog zombies
  10 crimson imps
  2 centaur zombies
  4 hounds
  4 orc priests
  3 jellies
  4 orc wizards
  A bullfrog skeleton (D:9)
  4 centaur skeletons
  Natasha (D:4)
  2 iguanas
  12 worker ants
  A killer bee zombie (D:10)
  A hound skeleton (D:7)
  A worker ant zombie (D:6)
  16 gnolls
  13 adders
  3 shadow imps (D:9)
  A white imp (D:9)
  2 oozes
  An adder zombie (D:9)
  3 worms
  4 dart slugs
  7 leopard geckos
  36 orcs
  2 giant cockroaches
  4 goblins (D:2)
  4 hobgoblins
  11 jackals
  2 quokkas
  2 ball pythons
  10 bats
  9 frilled lizards
  A jackal skeleton (D:8)
  21 kobolds
  3 rats
345 creatures vanquished.

Vanquished Creatures (others)
  An elephant (Lair:2)
  A worker ant (D:10)
  2 fungi
  7 plants
11 creatures vanquished.

Grand Total: 356 creatures vanquished

Notes
Turn   | Place    | Note
-------+----------+-------------------------------------------
     0 | D:1      | Ivernyr the Vine Stalker Monk began the quest for the Orb.
     0 | D:1      | Reached XP level 1. HP: 11/11 MP: 2/2
   116 | D:1      | Reached XP level 2. HP: 12/16 MP: 1/3
   425 | D:1      | Reached skill level 1 in Throwing
   668 | D:1      | Reached XP level 3. HP: 19/19 MP: 4/4
   997 | D:1      | Reached skill level 1 in Armour
  1277 | D:2      | Gained mutation: Your natural rate of healing is unusually fast. [Vine Stalker growth]
  1277 | D:2      | Reached XP level 4. HP: 15/24 MP: 5/5
  1387 | D:2      | Reached skill level 2 in Throwing
  1856 | D:2      | Found a blossoming altar of Fedhas.
  2227 | D:3      | Reached XP level 5. HP: 22/28 MP: 4/6
  2612 | D:4      | Found a deep blue altar of Sif Muna.
  2812 | D:4      | Reached skill level 3 in Throwing
  2812 | D:4      | Reached XP level 6. HP: 5/32 MP: 4/7
  3171 | D:4      | Noticed Natasha
  3186 | D:4      | Killed Natasha
  3186 | D:4      | Reached XP level 7. HP: 37/37 MP: 8/8
  3303 | D:4      | Reached skill level 4 in Throwing
  3668 | D:5      | Entered Level 5 of the Dungeon
  3887 | D:5      | Found a stormy altar of Qazlal.
  4082 | D:5      | Gained mutation: You have razor-sharp teeth. [Vine Stalker growth]
  4082 | D:5      | Reached XP level 8. HP: 42/42 MP: 9/9
  4100 | D:5      | Reached skill level 5 in Throwing
  4979 | D:6      | Reached skill level 5 in Fighting
  4979 | D:6      | Reached skill level 5 in Long Blades
  5054 | D:6      | Reached skill level 6 in Throwing
  5257 | D:7      | Reached XP level 9. HP: 47/47 MP: 10/10
  5471 | D:7      | Found the +2 robe of Vines {NoPotionHeal Regen+7}
  5892 | D:7      | Found a staircase to the Ecumenical Temple.
  5901 | Temple   | Entered the Ecumenical Temple
  6149 | Temple   | Became a worshipper of Ru the Awakened
  6151 | Temple   | Gained mutation: You cannot study or use magical devices. [Ru sacrifice]
  6151 | Temple   | Reached * piety under Ru
  6151 | Temple   | Reached ** piety under Ru
  6248 | D:7      | Reached skill level 7 in Throwing
  6907 | D:8      | Found a sparkling altar of Nemelex Xobeh.
  7068 | D:8      | Reached skill level 1 in Shields
  7133 | D:8      | Reached XP level 10. HP: 52/53 MP: 11/11
  7138 | D:8      | Reached skill level 8 in Throwing
  7138 | D:8      | Reached skill level 5 in Armour
  7235 | D:8      | Noticed a kobold demonologist
  7244 | D:8      | Killed a kobold demonologist
  7640 | D:9      | Noticed a two-headed ogre
  7656 | D:9      | Found a staircase to the Lair.
  7845 | D:9      | Noticed a two-headed ogre
  7873 | D:9      | Killed a two-headed ogre
  7911 | D:9      | Got a jewelled hand axe
  7912 | D:9      | Identified the +3 hand axe "Cusiulis" {freeze, rPois Str+4 Int-3 Dex+6} (You found it on level 9 of the Dungeon)
  7970 | D:9      | Noticed a two-headed ogre
  8023 | D:9      | Killed a two-headed ogre
  8023 | D:9      | Reached skill level 9 in Throwing
  8460 | D:9      | Noticed a gargoyle
  8485 | D:9      | Killed a gargoyle
  8485 | D:9      | Reached XP level 11. HP: 8/56 MP: 2/12
  8626 | D:9      | Killed a two-headed ogre
  9270 | D:9      | Found a bloodstained altar of Trog.
  9324 | D:9      | Reached skill level 10 in Throwing
  9495 | D:10     | Entered Level 10 of the Dungeon
  9779 | Lair:1   | Entered Level 1 of the Lair of Beasts
 10085 | Lair:1   | Found a dark tunnel.
 10723 | Lair:1   | Reached skill level 5 in Shields
 11085 | Lair:2   | Noticed Nergalle
 11354 | Lair:2   | Gained mutation: You heal very quickly. [Vine Stalker growth]
 11354 | Lair:2   | Reached XP level 12. HP: 44/61 MP: 13/13
 11443 | Lair:2   | Reached skill level 11 in Throwing
 11594 | Lair:2   | Killed Nergalle
 11610 | Lair:2   | Noticed Harold
 12187 | Lair:2   | Killed Harold
 12283 | Lair:2   | Found a hole to the Spider Nest.
 12570 | Lair:3   | Noticed a six-headed hydra
 12900 | Lair:3   | Killed a six-headed hydra
 13084 | Lair:3   | Noticed Rupert
 13402 | Lair:2   | Reached skill level 12 in Throwing
 13765 | Lair:2   | Paralysed by Rupert for 7 turns
 13824 | Lair:2   | Slain by Rupert

Skill      XL: |  1  2  3  4  5  6  7  8  9 10 11 12 |
---------------+-------------------------------------+-----
Throwing       | 1 2 3 4 6 7 9 10 12 | 12.2
Fighting       | 3 4 5 6 |  6.0
Long Blades    | 3 4 5 6 7 8 9 |  9.3
Armour         | 1 2 3 4 6 7 8 |  8.0
Shields        | 1 3 5 6 |  6.8
Dodging        | |  2.4
Stealth        | |  2.4

Action                   |  1- 3 |  4- 6 |  7- 9 | 10-12 || total
-------------------------+-------+-------+-------+-------++-------
Melee: Falchion          |    84 |   211 |   392 |   824 ||  1511
       Bite              |    26 |    90 |   192 |   391 ||   699
 Fire: Blowgun           |       |    11 |    46 |   212 ||   269
Throw: Tomahawk          |       |       |    22 |    45 ||    67
Invok: Sacrifice Artific |       |       |     1 |       ||     1
       Reject Sacrifices |       |       |       |     1 ||     1
  Use: Scroll            |     1 |       |       |    12 ||    13
 Stab: Sleeping          |     6 |       |     2 |     2 ||    10
       Distracted        |       |       |     1 |     4 ||     5
  Eat: Chunk             |     1 |     6 |    10 |    19 ||    36
       Ration            |       |       |     1 |     1 ||     2
Armor: Robe              |     6 |       |       |       ||     6
       Chain mail        |    43 |    34 |       |       ||    77
       Scale mail        |       |    92 |   135 |    69 ||   296
       Troll leather arm |       |       |       |   156 ||   156
Dodge: Dodged            |    42 |   126 |   161 |   260 ||   589
Block: Shield            |       |       |    55 |   396 ||   451
       Rpst.: Falchion   |    11 |    40 |    52 |    65 ||   168
